 Dungeon Crawl Stone Soup version bcrawl-1.21 (webtiles) character file.

Game seed: 5536202728957743213

573 Sickboy the Skirmisher (level 7, -2/67 HPs)
             Began as a Hill Orc Fighter on Feb 12, 2020.
             Slain by an ogre
             ... wielding a cursed -2 giant club
              (4 damage)
             ... on level 4 of the Dungeon.
             The game lasted 00:06:32 (3473 turns).

Sickboy the Skirmisher (Hill Orc Fighter)           Turns: 3473, Time: 00:06:32

Health: -2/67      AC:  8    Str: 18    XL:     7   Next: 34%
Magic:  7/7        EV:  4    Int:  8    God:
Gold:   324        SH:  9    Dex: 10    Spells: 6/6 levels left

rFire    . . .     SeeInvis .   a - +0 war axe
rCold    . . .     Gourm    .   c - +0 shield
rNeg     . . .     Faith    .   o - +0 chain mail
rPois    .         Spirit   .   m - +0 helmet
rElec    .         Reflect  .   p - scarf {stasis}
rCorr    .         Harm     .   (no gloves)
MR       .....                  (no boots)
Stlth    ..........             (no amulet)
HPRegen  0.21/turn              s - -2 ring of protection (curse)
MPRegen  0.10/turn              v - -3 ring of strength (curse)

@: no status effects
A: no striking features
a: no special abilities


You were on level 4 of the Dungeon.
You were not hungry.

You visited 1 branch of the dungeon, and saw 4 of its levels.

You collected 324 gold pieces.

Inventory:

Hand Weapons
 a - a +0 war axe (weapon)
Armour
 c - a +0 shield (worn)
 m - a +0 helmet (worn)
 o - a +0 chain mail (worn)
 p - a scarf of stasis (worn)
Jewellery
 s - a cursed -2 ring of protection (left hand)
 t - a +1 ring of evasion
 v - a cursed -3 ring of strength (right hand)
Wands
 h - a wand of acid (7)
Scrolls
 i - 3 scrolls of teleportation
 n - a scroll of magic mapping
Potions
 b - a potion of haste
 d - a potion of might
 f - 2 potions of mutation
 g - 3 potions of invisibility
 j - 2 potions of resistance
 k - 2 potions of flight
 l - 2 potions of curing {unknown}
 r - 2 potions of heal wounds {unknown}
 u - 2 potions of berserk rage {unknown}
Comestibles
 e - 5 rations {!d}


   Skills:
 + Level 7.7 Fighting
   Level 7.7 Short Blades
   Level 7.7 Long Blades
   Level 7.7 Axes
   Level 7.7 Maces & Flails
   Level 7.7 Polearms
   Level 7.7 Staves
 - Level 3.2 Armour
 - Level 3.2 Shields
   Level 7.7 Unarmed Combat


You had 6 spell levels left.
You didn't know any spells.
Your spell library was empty.

Dungeon Overview and Level Annotations

Branches:
Dungeon (4/12)
 Temple: D:4-7

Altars:
Gozag
Vehumet

Annotations:
D:4 1 runed translucent door, Menkaure


Message History

The ogre is almost dead.
You block the ogre's attack.
You hit the ogre.
The ogre is almost dead.
You block the ogre's attack.
You barely miss the ogre.
The ogre is almost dead.
You block the ogre's attack.
You hit the ogre but do no damage.
The ogre is almost dead.
Menkaure casts a spell.
Menkaure seems to speed up.
The ogre hits you with a cursed -2 giant club!
* * * LOW HITPOINT WARNING * * *
Your chain mail prevents you from hitting the ogre.
The ogre is almost dead.
Menkaure calls on the powers of darkness!
You feel a surge of unholy energy.
The ogre hits you with a cursed -2 giant club.
You die...

.............,,,,,,,,,,,,,,,,*
.#########.##****#.......,,,,* .#
##...## #.....M,,,,,* .#
##.....## #.....,,,,,,* # ##
##.......## #....,,,,,,,* *# #
##.........###O..,,,,,,,,* *. #
##...........##.o#,,,,,,,,* *# #
##.............#o.#*,,,,,,,* *.
#.............@#?.#********* *.
###..............O.M# *,
.#..................# *,
....>...............#**** *,
.................%..>#*,*#######*
##...............###.%..,.......*
##.............## *#...,.......*
##............# **......(....*
##..........## *,,..........*


You could see an ogre and Menkaure.

Vanquished Creatures
  Sigmund (D:2)
  A sky beast (D:1)
  An ogre (D:3)
  A scorpion (D:4)
  A centaur skeleton (D:4)
  A worker ant (D:4)
  A worker ant zombie (D:4)
  Robin (D:2)
  An adder (D:3)
  2 oozes (D:3)
  An adder skeleton (D:4)
  3 worms (D:2)
  3 dart slugs (D:2)
  7 leopard geckos
  4 orcs
  2 ball pythons (D:2)
  9 bats
  2 giant cockroaches
  12 goblins (D:2)
  11 hobgoblins
  7 jackals
  9 kobolds
  2 quokkas
  4 frilled lizards
  6 rats
93 creatures vanquished.

Notes
Turn   | Place    | Note
-------+----------+-------------------------------------------
     0 | D:1      | Sickboy the Hill Orc Fighter began the quest for the Orb.
     0 | D:1      | Reached XP level 1. HP: 20/20 MP: 1/1
   166 | D:1      | Reached XP level 2. HP: 23/28 MP: 2/2
   711 | D:2      | Reached XP level 3. HP: 34/34 MP: 3/3
   748 | D:2      | Reached skill level 5 in Fighting
   797 | D:2      | Noticed Robin
   811 | D:2      | Killed Robin
   811 | D:2      | Reached XP level 4. HP: 10/42 MP: 4/4
  1725 | D:2      | Noticed Sigmund
  1738 | D:2      | Killed Sigmund
  1738 | D:2      | Reached skill level 6 in Fighting
  1738 | D:2      | Reached XP level 5. HP: 40/51 MP: 5/5
  1738 | D:2      | Reached XP level 6. HP: 46/58 MP: 6/6
  2420 | D:3      | Found an opulent altar of Gozag.
  2420 | D:3      | Found a radiant altar of Vehumet.
  2601 | D:4      | Reached skill level 7 in Fighting
  2606 | D:4      | Found a runed translucent door.
  2649 | D:4      | Noticed a sky beast
  2812 | D:1      | Killed a sky beast
  2812 | D:1      | Reached XP level 7. HP: 27/66 MP: 7/7
  3453 | D:4      | Noticed Menkaure
  3472 | D:4      | HP: 2/67 [ogre/cursed -2 giant club (9)]
  3473 | D:4      | Slain by an ogre

Skill      XL: |  1  2  3  4  5  6 |
---------------+-------------------+-----
Fighting       | 5 6 7 |  7.7
Short Blades   | |  7.7
Long Blades    | |  7.7
Axes           | |  7.7
Maces & Flails | |  7.7
Polearms       | |  7.7
Staves         | |  7.7
Armour         | |  3.2
Shields        | |  3.2
Unarmed Combat | |  7.7

Action                   |  1- 3 |  4- 6 |  7- 9 || total
-------------------------+-------+-------+-------++-------
Melee: War axe           |   105 |   142 |    39 ||   286
  Use: Scroll            |       |     7 |     2 ||     9
  Eat: Chunk             |       |     5 |     1 ||     6
       Ration            |       |       |     1 ||     1
Armor: Scale mail        |    58 |     1 |       ||    59
       Chain mail        |       |    70 |    15 ||    85
Dodge: Dodged            |    35 |    30 |     3 ||    68
Block: Shield            |    60 |    56 |    16 ||   132
